 Dungeon Crawl Stone Soup version 0.21-a0-401-g0b6bec4 (webtiles) character file.

9125 peterprinciple the Covert (level 11, -5/70 HPs)
             Began as an Octopode Venom Mage on Oct 21, 2017.
             Was an Elder of Vehumet.
             Slain by an unseen horror (10 damage)
             ... on level 10 of the Dungeon.
             The game lasted 00:35:51 (16676 turns).

peterprinciple the Covert (Octopode Venom Mage)    Turns: 16676, Time: 00:35:53

Health: -5/70      AC:  1    Str:  9    XL:     11   Next: 41%
Magic:  21/21      EV: 13    Int: 20    God:    Vehumet [****..]
Gold:   426        SH:  4    Dex: 14    Spells: 3/23 levels left

rFire    + . .     SeeInvis .   i - +2 dagger (venom)
rCold    . . .     Gourm    .   (no shield)
rNeg     + . .     Faith    .   (helmet restricted)
rPois    .         Spirit   .   (no amulet)
rElec    .         Reflect  .   r - ring of flight
rCorr    .         Harm     .   x - ring of positive energy
MR       .....     Clarity  +   B - ring of protection from fire
Stlth    +++++.....             (no ring)
HPRegen  0.21/turn              z - +2 ring of dexterity
MPRegen  0.17/turn              (no ring)
                                (no ring)
                                (no ring)

@: about to teleport
A: almost no armour, stealthy swim, amphibious, 8 rings, constrict 8, large bone
plates 1, camouflage 1, blurry vision 1, clarity, mutation resistance 1,
gelatinous body 1
a: Renounce Religion, Evoke Flight


You were on level 10 of the Dungeon.
You worshipped Vehumet.
Vehumet was greatly pleased with you.
You were not hungry.

You visited 1 branch of the dungeon, and saw 10 of its levels.
You also visited: Ossuary.

You collected 474 gold pieces.
You spent 48 gold pieces at shops.

Inventory:

Hand Weapons
 d - a +0 spear
 i - a +2 dagger of venom (weapon)
 v - a +0 dagger of holy wrath
 D - a +1 whip of electrocution
Missiles
 h - 292 stones (quivered)
Jewellery
 o - an uncursed amulet of inaccuracy
 r - a ring of flight (left tentacle)
 x - a ring of positive energy (right tentacle)
 z - a +2 ring of dexterity (on tentacle)
 B - a ring of protection from fire (on tentacle)
 O - an uncursed ring of fire
Wands
 b - a wand of flame (34/48)
 k - a wand of acid (5/15)
 l - a wand of digging (16/24)
 C - a wand of confusion (14/48)
 H - a wand of random effects (32/48)
Scrolls
 c - a scroll of fear
 g - 2 scrolls of teleportation
 m - a scroll of enchant weapon
 s - 2 scrolls of magic mapping
 y - a scroll of summoning
 E - a scroll of remove curse
 I - 3 scrolls of holy word
 K - a scroll of enchant armour
 L - a scroll of amnesia
 N - a scroll of recharging
Potions
 e - 3 potions of lignification
 j - a potion of cancellation
 n - 5 potions of magic
 t - 10 potions of degeneration
 u - a potion of might
 w - 3 potions of brilliance
 A - 5 potions of flight
Books
 a - a Young Poisoner's Handbook

   Spells                             Type                      Level
   a - Sting                          Conjuration/Poison           1
   b - Poisonous Vapours              Poison/Air                   2
   c - Mephitic Cloud                 Conjuration/Poison/Air       3
   d - Olgreb's Toxic Radiance        Poison                       4
   e - Venom Bolt                     Conjuration/Poison           5
 J - a book of Necromancy

   Spells                             Type                      Level
   a - Pain                           Necromancy                   1
   b - Animate Skeleton               Necromancy                   1
   c - Vampiric Draining              Necromancy                   3
   d - Regeneration                   Charms/Necromancy            3
   e - Animate Dead                   Necromancy                   4
   f - Control Undead                 Necromancy                   4
Comestibles
 f - 5 fruits
 p - 13 royal jellies
 q - 5 meat rations
 F - 2 chunks of flesh
 G - 3 bread rations


   Skills:
 + Level 4.4 Fighting
 - Level 4.7 Short Blades
 - Level 2.0 Dodging
 + Level 10.2 Stealth
 + Level 6.6 Spellcasting
 * Level 10.0 Conjurations
 + Level 5.2 Fire Magic
 - Level 8.3 Poison Magic


You had 3 spell levels left.
You knew the following spells:

 Your Spells              Type           Power        Failure   Level  Hunger
a - Sting                 Conj/Pois      ####         1%          1    None
b - Poisonous Vapours     Pois/Air       ###...       2%          2    None
c - Flame Tongue          Conj/Fire      #####        1%          1    None
d - Venom Bolt            Conj/Pois      #####.....   1%          5    #####..
e - Olgreb's Toxic Radia  Pois           #####...     1%          4    ###....
f - Iskenderun's Mystic   Conj           #####...     1%          4    ###....
g - Regeneration          Chrm/Necr      #.........   28%         3    #......


Dungeon Overview and Level Annotations

Branches:
Dungeon (10/15)            Temple (0/1) D:6             Orc (0/2) D:9
   Lair: D:8-11

Altars:
Gozag
Hepliaklqana
Qazlal
Sif Muna
Uskayaw
Vehumet
Xom
Yredelemnul
The Shining One

Shops:
D:9 *

Annotations:
D:3 tof's ghost, amateur MiMo
D:4 Grinder
D:10 2 runed doors, Humpert's ghost, novice GrFi


Innate Abilities, Weirdness & Mutations

You cannot wear most types of armour.
You are very stealthy in the water. (Stealth+)
You are amphibious.
You can wear up to eight rings at the same time.
You can use your tentacles to constrict eight enemies at once.
Your skin changes colour to match your surroundings (Stealth+).
Your rubbery body absorbs attacks. (AC +1, EV +1)
You are partially covered in large bone plates. (SH +4)
Scrolls take you a little longer to read.
You possess an exceptional clarity of mind.
You are somewhat resistant to further mutation.


Message History

No target in view!
There is a strange disturbance nearby!
Something hits you. x2
Something hits you. Something hits you. Something hits you! Something hits you.
Something hits you! Something hits you! You block something's attack.
Something barely misses you. Something hits you. Something hits you!
* * * LOW HITPOINT WARNING * * *
You begin reading the scroll.
You continue reading the scroll.
Something hits you!
* * * LOW HITPOINT WARNING * * *
As you read the scroll of teleportation, it crumbles to dust.
You feel strangely unstable. Something hits you!
You die...

#. #. #. .##.##.####
.................#####
....)................# ..
.....................# ##..
................{....#.....
................@##'##.....
.................#.........
.................#.........
#..
...<.............#.........
#..
######'###'#######.[.......
#..
..............>..'.........
#..
W................#...######
#.. .................#.#.#
#.. .................#...#
#####..


There were no monsters in sight!

Vanquished Creatures
  2 two-headed ogres
  Pikel (D:5)
  A gargoyle (D:9)
  A troll (D:10)
  3 hornets
  A hippogriff (D:10)
  A wyvern (D:10)
  Eustachio (D:4)
  Sigmund (D:5)
  Grum (D:8)
  A hungry ghost (D:9)
  Edmund (D:4)
  A soldier ant (D:8)
  Duvessa (D:4)
  A swamp drake (D:9)
  3 orc warriors
  2 ice beasts (D:8)
  4 slaves (D:5)
  A necrophage (D:7)
  8 ogres
  5 centaurs
  4 wolves (D:8)
  A big kobold (D:9)
  3 bullfrogs
  Dowan (D:4)
  13 scorpions
  10 killer bees
  4 howler monkeys
  7 crimson imps
  3 hounds
  A human zombie (Ossuary)
  A quasit (D:9)
  2 bullfrog zombies
  2 centaur zombies (Ossuary)
  2 centaur skeletons
  2 bullfrog skeletons
  A jelly (D:7)
  5 orc priests (D:9)
  6 orc wizards
  Crazy Yiuf (D:5)
  2 iguanas
  4 worker ants
  3 big kobold zombies (Ossuary)
  A hound skeleton (D:6)
  2 mummies (Ossuary)
  13 adders
  5 scorpion zombies (Ossuary)
  A shadow imp (D:6)
  A worm zombie (D:5)
  2 adder skeletons
  2 worms (D:2)
  3 dart slugs
  4 leopard geckos
  25 orcs
  2 giant cockroaches (D:6)
  5 hobgoblins
  6 jackals (D:4)
  4 quokkas
  A ball python (D:1)
  20 bats
  6 frilled lizards
  A gnoll zombie (Ossuary)
  7 goblins
  2 goblin zombies (Ossuary)
  2 hobgoblin zombies (Ossuary)
  7 kobolds
  2 kobold zombies (Ossuary)
  2 quokka zombies
  5 rats
250 creatures vanquished.

Vanquished Creatures (others)
  An air elemental (D:10)
  A water elemental (D:10)
  An electric eel (D:10)
  2 human zombies (Ossuary)
  A mummy (Ossuary)
  16 fungi (D:8)
22 creatures vanquished.

Grand Total: 272 creatures vanquished

Notes
Turn   | Place    | Note
-------+----------+-------------------------------------------
     0 | D:1      | peterprinciple the Octopode Venom Mage began the quest for the Orb.
     0 | D:1      | Reached XP level 1. HP: 11/11 MP: 3/3
   504 | D:1      | Reached XP level 2. HP: 17/17 MP: 1/5
   901 | D:1      | Learned a level 2 spell: Poisonous Vapours
  1314 | D:2      | Reached XP level 3. HP: 21/21 MP: 2/6
  1375 | D:2      | Found a radiant altar of Vehumet.
  1461 | D:2      | Found a hide-covered altar of Uskayaw.
  1812 | D:2      | Found an opulent altar of Gozag.
  2072 | D:2      | Reached XP level 4. HP: 23/27 MP: 0/7
  2562 | D:2      | Became a worshipper of Vehumet
  3024 | D:3      | Noticed tof's ghost (amateur MiMo)
  3760 | D:3      | Found a glowing golden altar of the Shining One.
  3879 | D:4      | Reached XP level 5. HP: 19/31 MP: 0/8
  4121 | D:4      | Noticed Eustachio
  4226 | D:4      | Noticed an ogre
  4440 | D:4      | Killed an ogre
  4440 | D:4      | Reached skill level 1 in Short Blades
  4440 | D:4      | Reached skill level 5 in Poison Magic
  4444 | D:4      | Reached XP level 6. HP: 17/36 MP: 1/10
  4933 | D:4      | Noticed Grinder
  5019 | D:4      | Reached * piety under Vehumet
  5019 | D:4      | Offered knowledge of Flame Tongue by Vehumet.
  5024 | D:4      | Learned a level 1 spell: Flame Tongue
  5030 | D:4      | Learned a level 5 spell: Venom Bolt
  5072 | D:4      | Paralysed by Grinder for 3 turns
  5092 | D:5      | Entered Level 5 of the Dungeon
  5266 | D:5      | Noticed Sigmund
  5276 | D:5      | Killed Sigmund
  5276 | D:5      | Reached skill level 5 in Stealth
  5276 | D:5      | Reached XP level 7. HP: 41/41 MP: 7/11
  5284 | D:5      | Found a sand-covered staircase.
  5305 | Ossuary  | Entered an ossuary
  5453 | Ossuary  | Gained mutation: You possess an exceptional clarity of mind. [potion of mutation]
  5453 | Ossuary  | Gained mutation: Scrolls take you a little longer to read. [potion of mutation]
  5453 | Ossuary  | Gained mutation: You are partially covered in large bone plates. (SH +4) [potion of mutation]
  5453 | Ossuary  | Gained mutation: You are somewhat resistant to further mutation. [potion of mutation]
  6236 | Ossuary  | Reached XP level 8. HP: 11/46 MP: 13/13
  7073 | Ossuary  | Reached skill level 5 in Conjurations
  7697 | D:5      | Found a runed door.
  7916 | D:5      | Learned a level 4 spell: Olgreb's Toxic Radiance
  8140 | D:5      | Noticed Pikel
  8161 | D:5      | Killed Pikel
  8161 | D:5      | Reached XP level 9. HP: 6/51 MP: 4/15
  8598 | D:5      | Noticed Crazy Yiuf
  8602 | D:5      | Killed Crazy Yiuf
  8676 | D:4      | Noticed Duvessa
  8676 | D:4      | Noticed Dowan
  8694 | D:4      | Killed Duvessa
  8694 | D:4      | Offered knowledge of Sandblast by Vehumet.
  8696 | D:4      | Killed Dowan
  8696 | D:4      | Reached ** piety under Vehumet
  8912 | D:4      | Noticed Edmund
  8936 | D:4      | Killed Edmund
  9064 | D:4      | Killed Eustachio
  9064 | D:4      | Reached skill level 1 in Fire Magic
  9499 | D:6      | Found a staircase to the Ecumenical Temple.
 10354 | D:7      | Noticed a hornet
 10374 | D:7      | Killed a hornet
 10374 | D:7      | Reached skill level 5 in Spellcasting
 11002 | D:7      | Reached XP level 10. HP: 52/57 MP: 3/17
 11147 | D:7      | Found a deep blue altar of Sif Muna.
 11147 | D:7      | Found a faded altar of an unknown god.
 11153 | D:7      | Found a hazy altar of Hepliaklqana.
 11155 | D:7      | Found a stormy altar of Qazlal.
 11157 | D:7      | Found a faded altar of an unknown god.
 11195 | D:7      | Noticed a two-headed ogre
 11261 | D:7      | Killed a two-headed ogre
 11261 | D:7      | Reached skill level 1 in Fighting
 12201 | D:8      | Found a shimmering altar of Xom.
 12501 | D:8      | Offered knowledge of Static Discharge by Vehumet.
 13150 | D:8      | Noticed Grum
 13167 | D:8      | Killed Grum
 13178 | D:8      | Reached *** piety under Vehumet
 13814 | D:9      | Found Geujiukh's General Store.
 13822 | D:9      | Bought a potion of curing for 48 gold pieces
 14043 | D:9      | Offered knowledge of Iskenderun's Mystic Blast by Vehumet.
 14067 | D:9      | Learned a level 4 spell: Iskenderun's Mystic Blast
 14081 | D:9      | Reached XP level 11. HP: 33/67 MP: 3/20
 14414 | D:9      | Learned a level 3 spell: Regeneration
 14516 | D:9      | Noticed a two-headed ogre
 14836 | D:9      | Killed a two-headed ogre
 14951 | D:9      | Reached skill level 10 in Stealth
 15082 | D:9      | Found a basalt altar of Yredelemnul.
 15319 | D:9      | Reached **** piety under Vehumet
 15509 | D:9      | Found a staircase to the Orcish Mines.
 15542 | D:9      | Reached skill level 5 in Fire Magic
 15673 | D:10     | Entered Level 10 of the Dungeon
 15673 | D:10     | Noticed Humpert's ghost (novice GrFi)
 16121 | D:10     | Offered knowledge of Lee's Rapid Deconstruction by Vehumet.
 16211 | D:10     | Found a large runed door.
 16213 | D:10     | Found a large runed door.
 16581 | D:10     | Reached skill level 10 in Conjurations
 16676 | D:10     | Slain by an unseen horror

Vault maps used:
D:1:      minmay_arrival_widening_spiral_wide
D:2:      eat_drink_and_be_merry_uskayaw, fiery_altar_vehumet,
          nicolae_gozag_seed_capital, first_bread, hex_tiny
D:3:      marbit_many_paths
D:4:      minmay_surrounded, uniq_edmund, uniq_duvessa, uniq_grinder,
          uniq_eustachio
D:5:      enter_ossuary_3, uniq_pikel, uniq_crazy_yiuf_cottage, uniq_sigmund
D:6:      minmay_temple_entry_trees
D:7:      chequers_temple_overflow_minitemple
D:8:      old_forge, basic_altar, hangedman_pestilent_swarm, uniq_grum
D:9:      lemuel_round_altar, erik_orc_1, serial_shops,
          nicolae_shop_competitors_out_of_business, grunt_decor_one_mirror
D:10:     erik_lair_island, lightli_elemental_guards
Ossuary:  ossuary_minmay_scorpions

Skill      XL: |  1  2  3  4  5  6  7  8  9 10 11 |
---------------+----------------------------------+-----
Poison Magic   | 4 5 6 8 |  8.3
Stealth        | 3 4 5 6 8 9 10 | 10.2
Conjurations   | 2 3 4 6 7 9 10 | 10.0
Short Blades   | 1 2 3 4 |  4.7
Spellcasting   | 3 4 5 6 |  6.6
Fire Magic     | 2 4 5 |  5.2
Fighting       | 3 4 |  4.4
Dodging        | |  2.0

Action                   |  1- 3 |  4- 6 |  7- 9 | 10-12 || total
-------------------------+-------+-------+-------+-------++-------
Melee: Spear             |    24 |    47 |       |       ||    71
       Constrict         |     9 |    13 |    38 |    29 ||    89
       Tentacles         |     5 |     9 |    55 |    37 ||   106
       Dagger            |       |    24 |   256 |   170 ||   450
Throw: Stone             |       |       |       |     3 ||     3
 Cast: Sting             |    37 |    18 |     1 |    22 ||    78
       Poisonous Vapours |     9 |    36 |    56 |    90 ||   191
       Olgreb's Toxic Ra |       |       |     3 |    11 ||    14
       Venom Bolt        |       |       |     2 |    15 ||    17
       Iskenderun's Myst |       |       |       |    11 ||    11
  Use: Scroll            |       |    14 |     6 |    11 ||    31
       Potion            |       |     1 |     6 |     7 ||    14
 Stab: Sleeping          |     2 |     2 |    12 |     1 ||    17
       Distracted        |       |       |       |     1 ||     1
  Eat: Chunk             |     4 |     6 |     8 |    14 ||    32
       Bread ration      |       |     1 |     3 |       ||     4
       Fruit             |       |     1 |       |     1 ||     2
       Meat ration       |       |       |       |     3 ||     3
Armor: Skin              |     1 |     7 |     8 |    10 ||    26
Dodge: Dodged            |     8 |    61 |    97 |   128 ||   294
Block: Other             |       |       |    22 |    42 ||    64

Table legend:
 A = Spawn XP
 B = Non-spawn XP
 C = Spawn XP percentage of total XP
 D = Spawn monster count
 E = Non-spawn monster count
 F = Spawn count percentage of total count
 G = Total turns spent on level
                    A         B        C        D         E        F      G
               +---------+---------+-------+---------+---------+-------+---------
         Total |       0 |   13036 |   0.0 |       0 |     247 |   0.0 | 16676
               +---------+---------+-------+---------+---------+-------+---------
           D:1 |       0 |      26 |   0.0 |       0 |      16 |   0.0 |  1227
           D:2 |       0 |      63 |   0.0 |       0 |      18 |   0.0 |  1647
           D:3 |       0 |      48 |   0.0 |       0 |      20 |   0.0 |   978
           D:4 |       0 |    1142 |   0.0 |       0 |      21 |   0.0 |  1952
           D:5 |       0 |    1155 |   0.0 |       0 |      12 |   0.0 |  1248
           D:6 |       0 |     191 |   0.0 |       0 |       9 |   0.0 |   681
           D:7 |       0 |    2008 |   0.0 |       0 |      18 |   0.0 |  1637
           D:8 |       0 |    3075 |   0.0 |       0 |      39 |   0.0 |  2320
           D:9 |       0 |    3077 |   0.0 |       0 |      49 |   0.0 |  1782
          D:10 |       0 |    1316 |   0.0 |       0 |      16 |   0.0 |   908
       Ossuary |       0 |     935 |   0.0 |       0 |      29 |   0.0 |  2296
               +---------+---------+-------+---------+---------+-------+---------
